 Dungeon Crawl Stone Soup version 0.28.0-53-g5a82cb258f (webtiles) character file.

Game seed: 5252771772035272526

58 mcbry74 the Ruffian (level 3, 0/36 HPs)
             Began as a Troll Fighter on July 1, 2022.
             Slain by Terence
             ... wielding a +1 mace of holy wrath
              (13 damage)
             ... on level 2 of the Dungeon.
             The game lasted 00:04:10 (925 turns).

mcbry74 the Ruffian (Troll Fighter)                  Turns: 925, Time: 00:04:10

Health: 0/36       AC:  4    Str: 24    XL:     3   Next: 76%
Magic:  2/2        EV:  8    Int:  6    God:
Gold:   43         SH:  7    Dex:  9    Spells: 2/2 levels left

rFire   . . .      SeeInvis .     - Unarmed
rCold   . . .      Faith    .   b - +0 kite shield
rNeg    . . .      Spirit   .   a - +0 robe
rPois   .          Reflect  .   (helmet restricted)
rElec   .          Harm     .   (no cloak)
rCorr   .          Rampage  .   (gloves unavailable)
Will    .....                   (boots unavailable)
Stlth   +.........              f - amulet of the acrobat
HPRegen 0.92/turn               (no ring)
MPRegen 0.08/turn               (no ring)

@: no status effects
A: large, unfitting armour, claws 3, regeneration 1, shaggy fur 1, tough skin 1
a: no special abilities


You were on level 2 of the Dungeon.
You visited 1 branch of the dungeon, and saw 2 of its levels.

You collected 43 gold pieces.

Inventory:

Missiles
 e - 8 poisoned darts (quivered)
 g - 4 javelins
 n - 3 large rocks
Armour
 a - a +0 robe (worn)
 b - a +0 kite shield (worn)
Jewellery
 f - an amulet of the acrobat (around neck)
 m - a ring of magical power
Scrolls
 d - 2 scrolls of identify {unknown}
 i - a scroll of enchant armour {unknown}
 j - a scroll of immolation {unknown}
 k - a scroll of noise {unknown}
Potions
 c - 2 potions of might
 h - a potion of haste {unknown}
 l - a potion of curing {unknown}


   Skills:
 - Level 2.4 Fighting
 - Level 2.4 Dodging
 - Level 2.4 Shields
 + Level 4.2 Unarmed Combat


You had 2 spell levels left.
You didn't know any spells.
Your spell library was empty.

Dungeon Overview and Level Annotations

Branches:
Dungeon (2/15)

Altars:
Qazlal

Annotations:
D:2 Terence


Innate Abilities, Weirdness & Mutations

You are too large for most types of armour.
You have claws for hands.
Your natural rate of healing is unusually fast.
You are covered in fur. (AC +1)
You have tough skin. (AC +1)


Message History

The ball python bites you but does no damage. x2
You barely miss the ball python. The ball python barely misses you.
You barely miss the ball python. The ball python bites you.
You barely miss the ball python. You block the ball python's attack.
The ball python barely misses you.
You claw the ball python!
You kill the ball python!
You see here a ball python corpse.
Found a stone staircase leading up.
Found an escape hatch in the floor.
Terence the Incautious comes into view.
He is wielding a +1 mace of holy wrath.
Terence shouts!
An adder comes into view.
Terence says, "Time to say good-bye..."
Throw: 10 darts (poison)
Press: ? - help, Q - select action, (/) - cycle Shift-Dir - straight line, f - Terence
Aim: Terence, wielding a +1 mace of holy wrath and wearing a +0 chain mail (62% to hit)
You throw a poisoned dart.
The poisoned dart barely misses Terence.
Throw: 9 darts (poison)
Press: ? - help, Q - select action, (/) - cycle Shift-Dir - straight line, f/p - Terence
Aim: Terence, wielding a +1 mace of holy wrath and wearing a +0 chain mail (62% to hit)
You throw a poisoned dart.
The poisoned dart barely misses Terence.
Terence drinks a potion.
Terence goes berserk!
Okay, then.
A kobold comes into view. It is wielding a +0 dagger.
There is an escape hatch in the floor here.
Terence completely misses you. You block Terence's attack.
You hear a shout!
You scratch Terence but do no damage.
Terence hits you with a +1 mace of holy wrath. x2
You mangle Terence!!
Terence is heavily wounded.
Terence hits you with a +1 mace of holy wrath!
You scratch Terence.
Terence is severely wounded.
Terence hits you with a +1 mace of holy wrath!
You die...

#.......... P..
#.......... ≈P..#
##......... ♣♣≈P..
##.......... ≈≈P#.#
##...........
≈≈P#..#### #........♣
#......# #.#.....♣≈≈..
#......###.#....♣♣ P..
.# #....@>........(♣
.. #.#
####.#@.##.##..♣♣ .
##.## ## #.......####♣
.$..## . ####...## ..
.....## #< #...## P..
......# #.###
#....####♣♣ P..
......#
#...#####.#.......♣♣
≈.. ......#
#.......#........♣♣≈≈.
......#
#.##...##.........≈♣P.


You could see Terence (berserk).

Vanquished Creatures
  2 adders (D:2)
  A worm (D:2)
  2 dart slugs (D:1)
  4 endoplasms
  4 goblins
  2 hobgoblins (D:1)
  5 jackals
  A kobold (D:1)
  2 quokkas
  4 ball pythons
  A frilled lizard (D:1)
  4 rats
32 creatures vanquished.

Vanquished Creatures (others)
  8 plants (D:2)
8 creatures vanquished.

Grand Total: 40 creatures vanquished

Notes
Turn   | Place    | Note
-------+----------+-------------------------------------------
     0 | D:1      | mcbry74 the Troll Fighter began the quest for the Orb.
     0 | D:1      | Reached XP level 1. HP: 22/22 MP: 0/0
   185 | D:1      | Noticed a shining eye
   195 | D:1      | Reached XP level 2. HP: 29/29 MP: 1/1
   207 | D:1      | Noticed a great orb of eyes
   210 | D:1      | Found a faded altar of an unknown god.
   212 | D:1      | Noticed a shining eye
   212 | D:1      | Noticed a shining eye
   285 | D:1      | Reached skill level 3 in Unarmed Combat
   479 | D:2      | Reached XP level 3. HP: 28/36 MP: 2/2
   601 | D:2      | Found a stormy altar of Qazlal.
   821 | D:2      | Reached skill level 4 in Unarmed Combat
   904 | D:2      | Noticed Terence
   925 | D:2      | Slain by Terence

Illustrated notes

Levels and vault maps discovered:
D:1:      ncdulo_wetmaze, layout_basic, hellmonk_ecumenical_altar_watching_god
D:2:      minmay_roachtagon, layout_rooms, serial_bayou, serial_bayou_lagoon_a,
          serial_bayou_lake_a, serial_bayou_ford_a, serial_bayou_pond_c,
          serial_bayou_shore_b, basic_altar, uniq_terence

Skill      XL: |  1  2  3 |
---------------+----------+-----
Unarmed Combat | 3 4 |  4.2
Fighting       | |  2.4
Dodging        | |  2.4
Shields        | |  2.4

Action                   || total
-------------------------++-------
Melee: Unarmed           ||    85
Throw: Dart              ||     2
Armor: Robe              ||    22
Dodge: Dodged            ||    35
Block: Kite shield       ||    17
